Match 35106311
Unlisted

Match 35106311
End
Construct Barracks
Selects Airborne Battlegroup
Selects Heavy Machine Gun Paradrop
Riflemen Squad
Riflemen Squad
Heavy Machine Gun Paradrop
Construct Medical Station
Grenade Package
Selects Paratrooper Squad Paradrop
Paratrooper Squad Paradrop
Paratrooper Squad Paradrop
Mechanized Support Center
Paratrooper Squad Paradrop
M1918 Browning Automatic Rifles
Selects Smoke Bombing Run
Selects Paradrop Reinforcements
Paradrop Reinforcements
Selects Anti-tank Gun Team Paradrop
Anti-tank Gun Team Paradrop
Construct Tank Depot
Paradrop Reinforcements
Selects Dual P-47 Rocket Strike
dad81ace
plz don't use arty
Atomic Floyd
deadsadbadmad
0
0

Comments sign in to comment!

No comments posted yet!